 Dungeon Crawl Stone Soup version 0.27-a0-40-g5f2be0e231 (webtiles) character file.

Game seed: 15322045140510889853

32447 Delamore the Basher (level 13, -10/89 HPs)
             Began as a Gargoyle Fighter on Jan 5, 2021.
             Was the Champion of Okawaru.
             Mangled by a six-headed hydra simulacrum (17 damage)
             ... on level 5 of the Lair of Beasts.
             The game lasted 00:20:17 (19357 turns).

Delamore the Basher (Gargoyle Fighter)             Turns: 19357, Time: 00:20:17

Health: -10/89     AC: 30    Str: 28    XL:     13   Next: 64%
Magic:  13/13      EV:  7    Int:  8    God:    Okawaru [******]
Gold:   703        SH: 13    Dex:  5    Spells: 12/12 levels left

rFire    + + .     SeeInvis +   b - +3 demon whip "Vurpheamn" {pain, rPois Str+2 Dex-4}
rCold    + . .     Faith    +   c - +0 kite shield
rNeg     + . .     Spirit   .   M - +2 plate armour {rC+}
rPois    ∞         Reflect  .   T - +1 helmet {SInv}
rElec    +         Harm     .   y - +0 cloak
rCorr    .         Rampage  .   n - +0 pair of gloves (curse)
Will     .....                  I - +2 pair of boots {Fly}
Stlth    ..........             l - amulet of faith
HPRegen  0.24/turn              F - ring of protection from fire
MPRegen  0.13/turn              E - ring of protection from fire

@: flying
A: negative energy resistance 1, electricity resistance, unbreathing,
petrification resistance, miasma immunity, AC +9
a: Stop Flying, Renounce Religion, Heroism, Finesse


You were on level 5 of the Lair of Beasts.
You worshipped Okawaru.
Okawaru was exalted by your worship.
You visited 3 branches of the dungeon, and saw 15 of its levels.
You also visited: Gauntlet.

You collected 1043 gold pieces.
You spent 340 gold pieces at shops.

Inventory:

Hand Weapons
 b - the +3 demon whip "Vurpheamn" (weapon) {pain, rPois Str+2 Dex-4}
   (Okawaru gifted it to you on level 4 of the Lair of Beasts)

   In the hands of one skilled in necromantic magic, it inflicts extra damage on
   living creatures.
   It affects your strength (+2).
   It affects your dexterity (-4).
   It protects you from poison.
 o - the +7 flail of a Labyrinth {freeze, rC+}
   (You found it on level 4 of the Lair of Beasts)

   It has been specially enchanted to freeze those struck by it, causing extra
   injury to most foes and up to half again as much damage against particularly
   susceptible opponents.
   It can also slow down cold-blooded creatures.
   It protects you from cold.
Missiles
 D - 2 throwing nets (quivered)
 P - 17 silver javelins
Armour
 c - a +0 kite shield (worn)
 n - a cursed +0 pair of gloves (worn)
 y - a +0 cloak (worn)
 I - a +2 pair of boots of flying (worn)
 M - a +2 plate armour of cold resistance (worn)
 T - a +1 helmet of see invisible (worn)
Jewellery
 l - an amulet of faith (around neck)
 E - a ring of protection from fire (right hand)
 F - a ring of protection from fire (left hand)
 H - the amulet of Bureruav {Faith MP+9 Str+3}
   (You found it in a Gauntlet)

   [amulet of faith]

   It allows you to gain divine favour quickly.
   It affects your strength (+3).
   It affects your magic capacity (+9).
Wands
 i - a wand of flame (21)
 q - a wand of enslavement (10)
 B - a wand of disintegration (15)
 G - a wand of paralysis (3)
Scrolls
 e - 10 scrolls of remove curse
 f - 3 scrolls of enchant weapon
 k - a scroll of fear
 r - 4 scrolls of teleportation
 t - 2 scrolls of amnesia
 u - 2 scrolls of identify
 w - 3 scrolls of immolation
 z - 2 scrolls of fog
 A - 6 scrolls of enchant armour
 C - 4 scrolls of magic mapping
Potions
 d - 5 potions of might
 g - 2 potions of invisibility
 h - 3 potions of magic {unknown}
 j - 4 potions of mutation
 m - a potion of ambrosia {unknown}
 p - 2 potions of brilliance
 s - 5 potions of curing
 x - a potion of berserk rage
 K - a potion of heal wounds
Miscellaneous
 a - a lightning rod (4/4)


   Skills:
 + Level 13.9 Fighting
 - Level 14.0 Maces & Flails
 - Level 3.2 Armour
 + Level 13.9 Shields


You had 12 spell levels left.
You didn't know any spells.
Your spell library contained the following spells:

 Spells                   Type           Power        Failure   Level
 Animate Skeleton         Necr           0%           99%         1
 Magic Dart               Conj           0%           99%         1
 Pain                     Necr           0%           99%         1
 Shock                    Conj/Air       0%           99%         1
 Blink                    Tloc           N/A          100%        2
 Call Imp                 Summ           0%           100%        2
 Slow                     Hex            0%           100%        2
 Swiftness                Air            0%           100%        2
 Conjure Flame            Conj/Fire      0%           100%        3
 Ignite Poison            Fire/Tmut/Pois 0%           100%        3
 Mephitic Cloud           Conj/Pois/Air  0%           100%        3
 Spider Form              Tmut/Pois      0%           100%        3
 Static Discharge         Conj/Air       0%           100%        3
 Vampiric Draining        Necr           0%           100%        3
 Airstrike                Air            0%           100%        4
 Animate Dead             Necr           0%           100%        4
 Agony                    Necr           0%           100%        5
 Fireball                 Conj/Fire      0%           100%        5
 Lightning Bolt           Conj/Air       0%           100%        5
 Yara's Violent Unravell  Hex/Tmut       0%           100%        5
 Hydra Form               Tmut           0%           100%        6
 Starburst                Conj/Fire      0%           100%        6
 Ignition                 Fire           0%           100%        8
 Statue Form              Tmut/Erth      Unusable     N/A         6

Dungeon Overview and Level Annotations

Branches:
Dungeon (9/15)             Temple (1/1) D:5            Lair (5/6) D:8
  Swamp (0/4) Lair:2       Spider (0/4) Lair:2          Orc (0/2) D:9
Gauntlet (visited)
  Slime: Lair:5-6

Altars:
Ashenzari
Cheibriados
Dithmenos
Elyvilon
Fedhas
Gozag
Hepliaklqana
Kikubaaqudgha
Makhleb
Nemelex Xobeh
Okawaru
Qazlal
Ru
Sif Muna
Trog
Uskayaw
Vehumet
Wu Jian
Xom
Yredelemnul
Zin
The Shining One

Shops:
D:7 ?   D:8 [   D:9 [

Annotations:
D:8 3 runed translucent doors, Dwachs's ghost, novice GnIE
Lair:3 2 transporters, anything's ghost, journeyman FoFi


Innate Abilities, Weirdness & Mutations

You are resistant to torment.
Your stone body is resilient. (AC +9)
You are immune to poison.
You resist negative energy. (rN+)
You are resistant to electric shocks. (rElec)
You can survive without breathing.
You are immune to petrification.
You are immune to miasma.


Message History

You whack the six-headed hydra simulacrum!
The six-headed hydra simulacrum is heavily damaged.
You completely miss the six-headed hydra simulacrum.
The six-headed hydra simulacrum is heavily damaged.
You hit the six-headed hydra simulacrum.
The six-headed hydra simulacrum is heavily damaged.
You block the six-headed hydra simulacrum's attack.
The six-headed hydra simulacrum bites you.
The six-headed hydra simulacrum freezes you!!
You resist.
You block the six-headed hydra simulacrum's attack. x2
The six-headed hydra simulacrum bites you.
The six-headed hydra simulacrum freezes you!
You resist.
* * * LOW HITPOINT WARNING * * *
The six-headed hydra simulacrum bites you.
* * * LOW HITPOINT WARNING * * *
The six-headed hydra simulacrum freezes you!
You resist.
You die...

.##...#...## ..........#
...#..#...# #####.##.P#
##.#####.## ### .#.P..##.###
###.# P........#.#
#####.P.### #
P(####.....####..#..P.#.#.#.#
....###.........@ZZ...#.....#
#..## ##...##.#.##....'...)#
...# ###.#######....'...!.#
#.## ### ####.'...?## ..#
#.#.....# ..# ..#.#:#.# #.##
####### # ...# #....
..####### ..#.##


You could see a six-headed hydra simulacrum and a death yak simulacrum.

Vanquished Creatures
  Kirke (Lair:4)
  A reaper (Gauntlet)
  The ghost of MrPhil the Gelid, a journeyman DrIE of Vehumet (Lair:5)
  A minotaur (Gauntlet)
  2 hydras
  2 catoblepae
  A ghost crab (Gauntlet)
  2 bog bodies (Lair:2)
  3 elephants (Lair:4)
  3 black mambas
  A smoke demon (Gauntlet)
  9 cane toads
  2 rime drakes (Lair:3)
  2 hellwings (Gauntlet)
  2 minotaur zombies (Gauntlet)
  6 komodo dragons
  A red devil (Gauntlet)
  A jumping spider (Lair:2)
  3 polar bears
  A hornet (Lair:4)
  12 blink frogs
  A spectral dream sheep (Lair:5)
  5 dream sheep (Lair:4)
  A spectral black mamba (Lair:5)
  Sigmund (D:5)
  3 hogs
  A wyvern (Lair:1)
  Eustachio (D:5)
  3 basilisks
  19 yaks
  A neqoxec (Gauntlet)
  A chaos spawn (Gauntlet)
  A death yak simulacrum (Lair:5)
  2 wargs
  A hydra simulacrum (Lair:5)
  8 water moccasins
  Duvessa (D:7)
  3 orc warriors
  An ice beast (D:5)
  5 ogres
  2 black bears
  A black mamba simulacrum (Lair:5)
  A phantom (D:8)
  13 wolves
  2 centaurs
  4 bullfrogs
  A water moccasin zombie (D:9)
  A gnoll sergeant (D:7)
  2 wyvern skeletons
  Dowan (D:7)
  A scorpion (D:4)
  15 killer bees
  A howler monkey (D:5)
  8 wights
  4 crimson imps (Gauntlet)
  A quasit (D:7)
  Crazy Yiuf (D:5)
  7 orc priests
  3 hounds
  4 centaur skeletons
  4 iguanas
  2 bullfrog skeletons
  9 orc wizards
  6 worker ants
  3 worker ant zombies
  10 gnolls
  15 adders
  3 shadow imps
  A white imp (D:5)
  An ufetubus (D:7)
  An adder zombie (D:5)
  An adder skeleton (D:4)
  4 worms
  4 dart slugs
  3 leopard geckos
  31 orcs
  12 giant cockroaches
  2 goblins
  10 hobgoblins
  3 quokkas
  3 ball pythons
  6 bats
  7 frilled lizards
  2 jackal zombies (D:5)
  7 kobolds
  10 rats
349 creatures vanquished.

Vanquished Creatures (others)
  A human (Lair:5)
  A bullfrog (Lair:5)
  31 fungi
  67 plants
  3 withered plants (Gauntlet)
103 creatures vanquished.

Grand Total: 452 creatures vanquished

Notes
Turn   | Place    | Note
-------+----------+-------------------------------------------
     0 | D:1      | Delamore the Gargoyle Fighter began the quest for the Orb.
     0 | D:1      | Reached XP level 1. HP: 14/14 MP: 1/1
    80 | D:1      | Reached XP level 2. HP: 14/19 MP: 2/2
   538 | D:1      | Reached XP level 3. HP: 23/24 MP: 3/3
  1138 | D:2      | Found a hide-covered altar of Uskayaw.
  1160 | D:3      | Reached skill level 3 in Maces & Flails
  1160 | D:3      | Reached XP level 4. HP: 7/29 MP: 4/4
  1432 | D:2      | Noticed a +0 hand axe
  1432 | D:2      | Noticed a +0 hand axe
  1738 | D:2      | Reached XP level 5. HP: 26/34 MP: 5/5
  1897 | D:2      | Found a blossoming altar of Fedhas.
  2278 | D:3      | Found an ornate altar of the Wu Jian Council.
  3084 | D:4      | Found a burning altar of Makhleb.
  3232 | D:4      | You fall into a shaft and drop 1 floor!
  3232 | D:5      | Entered Level 5 of the Dungeon
  3232 | D:5      | Noticed an ogre
  3241 | D:5      | Killed an ogre
  3242 | D:5      | Reached skill level 5 in Fighting
  3242 | D:5      | Reached skill level 4 in Maces & Flails
  3242 | D:5      | Reached skill level 5 in Shields
  3242 | D:5      | Reached XP level 6. HP: 40/40 MP: 6/6
  3536 | D:4      | Reached skill level 5 in Maces & Flails
  3536 | D:4      | Reached XP level 7. HP: 44/44 MP: 7/7
  3640 | D:4      | Reached skill level 6 in Maces & Flails
  4237 | D:5      | Noticed Sigmund
  4244 | D:5      | Killed Sigmund
  4245 | D:5      | Reached skill level 7 in Maces & Flails
  4255 | D:5      | Reached XP level 8. HP: 43/49 MP: 8/8
  4354 | D:5      | Found a runed translucent door.
  4355 | D:5      | Noticed Crazy Yiuf
  4366 | D:5      | Paralysed by Crazy Yiuf for 2 turns
  4379 | D:5      | Killed Crazy Yiuf
  4603 | D:5      | Noticed Eustachio
  4610 | D:5      | Reached skill level 8 in Maces & Flails
  4857 | D:5      | Killed Eustachio
  5564 | D:5      | Reached skill level 9 in Maces & Flails
  5626 | D:5      | Found a staircase to the Ecumenical Temple.
  5727 | Temple   | Entered the Ecumenical Temple
  5943 | Temple   | Became a worshipper of Warmaster Okawaru
  7006 | D:6      | Reached skill level 10 in Maces & Flails
  7122 | D:7      | Reached XP level 9. HP: 54/54 MP: 9/9
  7173 | D:7      | Reached * piety under Okawaru
  7320 | D:7      | Noticed Dowan
  7321 | D:7      | Noticed Duvessa
  7326 | D:7      | Killed Dowan
  7338 | D:7      | Killed Duvessa
  7339 | D:7      | Reached skill level 11 in Maces & Flails
  7888 | D:7      | Found Ottem's Magic Scroll Shop.
  7895 | D:7      | Bought a scroll of identify for 26 gold pieces
  7895 | D:7      | Bought a scroll of magic mapping for 45 gold pieces
  7895 | D:7      | Bought a scroll of identify for 26 gold pieces
  7895 | D:7      | Bought a scroll of identify for 26 gold pieces
  8209 | D:8      | You fall into a shaft and drop 1 floor!
  8283 | D:9      | Found Fookior's Armour Shoppe.
  8512 | D:9      | Reached ** piety under Okawaru
  8736 | D:9      | Reached skill level 12 in Maces & Flails
  8956 | D:9      | Found a bloodstained altar of Trog.
  9001 | D:9      | Found a broken altar of Ashenzari.
  9617 | D:9      | Found a staircase to the Orcish Mines.
  9663 | D:8      | Found a burning altar of Makhleb.
  9808 | D:8      | Reached XP level 10. HP: 59/59 MP: 10/10
  9839 | D:8      | Found a glowing silver altar of Zin.
  9839 | D:8      | Found a shimmering altar of Xom.
  9839 | D:8      | Noticed an angel
  9873 | D:8      | Reached *** piety under Okawaru
  9900 | D:8      | Found Usohat Waeff's Antique Armour Emporium.
  9940 | D:8      | Reached skill level 13 in Maces & Flails
 10219 | D:8      | Bought a pair of embroidered boots for 217 gold pieces
 10240 | D:8      | Found a white marble altar of Elyvilon.
 10431 | D:8      | Found a sparkling altar of Nemelex Xobeh.
 10431 | D:8      | Found a basalt altar of Yredelemnul.
 10436 | D:8      | Found a faded altar of an unknown god.
 10438 | D:8      | Found a radiant altar of Vehumet.
 10440 | D:8      | Found a stormy altar of Qazlal.
 11048 | D:8      | Found a runed translucent gate.
 11049 | D:8      | Found a runed translucent gate.
 11050 | D:8      | Found a runed translucent gate.
 11052 | D:8      | Noticed Dwachs's ghost (novice GnIE)
 11260 | D:8      | Found a staircase to the Lair.
 11266 | D:8      | Reached **** piety under Okawaru
 11569 | Lair:1   | Entered Level 1 of the Lair of Beasts
 11576 | Lair:1   | Noticed a seven-headed hydra
 11594 | Lair:1   | Killed a seven-headed hydra
 11595 | Lair:1   | Reached skill level 14 in Maces & Flails
 11983 | Lair:1   | Reached ***** piety under Okawaru
 12002 | Lair:1   | Reached XP level 11. HP: 45/66 MP: 11/11
 12484 | Lair:1   | Received a gift from Okawaru
 12720 | Lair:2   | Found a glowing golden altar of the Shining One.
 13188 | Lair:2   | Found a staircase to the Swamp.
 13188 | Lair:2   | Noticed a bog body
 13203 | Lair:2   | Killed a bog body
 13290 | Lair:2   | Found a hole to the Spider Nest.
 13541 | Lair:2   | Noticed a bog body
 13556 | Lair:2   | Killed a bog body
 13556 | Lair:2   | Received a gift from Okawaru
 14097 | Lair:2   | Reached skill level 10 in Fighting
 14097 | Lair:2   | Reached skill level 10 in Shields
 14372 | Lair:2   | Reached XP level 12. HP: 65/77 MP: 12/12
 14603 | Lair:3   | Found a transporter.
 14605 | Lair:3   | Noticed anything's ghost (journeyman FoFi)
 14607 | Lair:3   | Noticed a five-headed hydra
 14637 | Lair:3   | Found a transporter.
 15710 | Lair:3   | Received a gift from Okawaru
 15971 | Lair:4   | Found a gate leading to a gauntlet.
 15990 | Gauntlet | Entered a Gauntlet
 15990 | Gauntlet | Found a transporter.
 16003 | Gauntlet | Found a transporter.
 16004 | Gauntlet | Found a transporter.
 16005 | Gauntlet | Found a transporter.
 16013 | Gauntlet | Found a transporter.
 16015 | Gauntlet | Found a transporter.
 16016 | Gauntlet | Found a transporter.
 16021 | Gauntlet | Noticed a ghost crab
 16025 | Gauntlet | Found a transporter.
 16027 | Gauntlet | Found a transporter.
 16028 | Gauntlet | Found a transporter.
 16034 | Gauntlet | Noticed a reaper
 16036 | Gauntlet | Found a transporter.
 16039 | Gauntlet | Found a transporter.
 16040 | Gauntlet | Found a transporter.
 16045 | Gauntlet | Noticed a wretched star
 16048 | Gauntlet | Found a transporter.
 16227 | Gauntlet | Killed a ghost crab
 16227 | Gauntlet | Reached ****** piety under Okawaru
 16373 | Gauntlet | Killed a reaper
 16417 | Gauntlet | HP: 4/81 [hellwing (6)]
 16426 | Gauntlet | Got a flickering jade amulet
 16766 | Gauntlet | Identified the +1 shortbow of Jomputs {vorpal, Str+4}
 16766 | Gauntlet | Noticed a minotaur
 16801 | Gauntlet | Killed a minotaur
 17065 | Gauntlet | Identified Ifinuminn's Guide on Changing
 17223 | Lair:4   | Reached XP level 13. HP: 69/87 MP: 13/13
 17259 | Lair:4   | Received a gift from Okawaru
 17279 | Lair:4   | Got a twisted demon whip {god gift}
 17280 | Lair:4   | Identified the +3 demon whip "Vurpheamn" {pain, rPois Str+2
                  | Dex-4} (Okawaru gifted it to you on level 4 of the Lair of
                  | Beasts)
 17282 | Lair:4   | Identified the amulet of Bureruav {Faith MP+9 Str+3} (You
                  | found it in a Gauntlet)
 17855 | Lair:4   | Got a masterwork flail
 17856 | Lair:4   | Identified the +7 flail of a Labyrinth {freeze, rC+} (You
                  | found it on level 4 of the Lair of Beasts)
 18622 | Lair:5   | Noticed Kirke
 18873 | Lair:4   | Killed Kirke
 19287 | Lair:5   | Found a runed translucent gate.
 19287 | Lair:5   | Found a runed translucent gate.
 19287 | Lair:5   | Found a runed translucent gate.
 19294 | Lair:5   | Noticed MrPhil's ghost (journeyman DrIE)
 19339 | Lair:5   | Killed MrPhil's ghost
 19357 | Lair:5   | Mangled by a six-headed hydra simulacrum

Illustrated notes

Levels and vault maps discovered:
D:1:      dpeg_arrival_simpleton_a, layout_basic, interstate_on_off,
          minmay_misc_feat_four_crosses, minmay_pentomino_t2
D:2:      minmay_skewed_foursquare, layout_basic, dancing_weapons_uskayaw,
          marbit_many_paths
D:3:      layout_rooms, general_overflow_altar, minmay_crystal_room
D:4:      layout_loops_ring, kennysheep_mini_moat, chequers_arboretum
D:5:      layout_layer_cave, minmay_temple_entry_glassed_door,
          grunt_ministairs_13, uniq_sigmund, uniq_eustachio,
          uniq_crazy_yiuf_cottage
D:6:      layout_basic
D:7:      layout_basic, serial_shops, shop, corexii_hall_statues_x, uniq_duvessa
D:8:      layout_gridville, grunt_temple_overflow_order_and_chaos_1,
          kennysheep_mini, chequers_temple_overflow_minitemple,
          erik_lair_orcish_takeover, ebering_ghost_rock_garden, serial_shops,
          shop, makhleb_heckhound_becter
D:9:      layout_roguey, nicolae_ashenzari_panopticon, lemuel_crystal_altar,
          erik_orc_1, serial_shops, shop
Temple:   jpeg_temple_island
Lair:1:   layout_hall_layers
Lair:2:   layout_loops_ring, skrybe_swamp_entry_bodies,
          spider_nest_entry_rubble, amcnicky_altar_gilded
Lair:3:   layout_cave_pods, gammafunk_ghost_arena, grunt_megastairs_2
Lair:4:   minmay_lair_venomous_thicket, layout_small_grid,
          gauntlet_entry_generic
Lair:5:   dpeg_oklob_gauntlet, layout_loops_ring, gammafunk_ghost_necromancy,
          uniq_kirke

Skill      XL: |  1  2  3  4  5  6  7  8  9 10 11 12 13 |
---------------+----------------------------------------+-----
Fighting       | 4 5 6 10 12 13 | 13.9
Shields        | 4 5 6 10 12 13 | 13.9
Maces & Flails | 3 4 5 7 10 12 14 | 14.0
Armour         | |  3.2

Action                   |  1- 3 |  4- 6 |  7- 9 | 10-12 | 13-15 || total
-------------------------+-------+-------+-------+-------+-------++-------
Melee: Flail             |   122 |   208 |   626 |   970 |    84 ||  2010
       Mace              |       |       |       |    74 |    54 ||   128
       Demon whip        |       |       |       |       |    94 ||    94
       Unarmed           |       |       |       |       |     7 ||     7
Throw: Dart              |       |       |     7 |       |       ||     7
Invok: Heroism           |       |       |       |     3 |       ||     3
       Finesse           |       |       |       |     2 |       ||     2
Evoke: Wand              |       |     2 |     2 |       |       ||     4
  Use: Scroll            |       |       |    11 |     7 |     1 ||    19
       Potion            |       |       |       |     2 |       ||     2
 Stab: Paralysed         |       |    11 |       |       |       ||    11
Armor: Scale mail        |    70 |    77 |       |       |       ||   147
       Ring mail         |       |    46 |   241 |       |       ||   287
       Plate armour      |       |       |   202 |   671 |    87 ||   960
       Chain mail        |       |       |    44 |       |       ||    44
Dodge: Dodged            |    37 |    69 |   187 |   185 |    32 ||   510
Block: Kite shield       |    66 |   125 |   443 |   575 |    90 ||  1299

Table legend: (Time is in decaauts)
 A = Elapsed time spent in this place.
 B = Non-inter-level travel time spent in this place.
 C = Inter-level travel time spent in this place.
 D = Time resting spent in this place.
 E = Time spent auto-exploring this place.
 F = Levels seen in this place.
 G = Mean time per level.
                   A        B        C        D        E       F      G
               +--------+--------+--------+--------+--------+-----+--------+
         Total |  19142 |  18703 |    439 |   3646 |  11610 |  16 | 1196.4 |
       Dungeon |  11604 |  11362 |    242 |   2182 |   7159 |   9 | 1289.3 |
        Temple |    293 |    226 |     67 |      0 |    223 |   1 |  293.0 |
          Lair |   6194 |   6064 |    130 |    851 |   4227 |   5 | 1238.8 |
      Gauntlet |   1050 |   1050 |      0 |    612 |      0 |   1 | 1050.0 |
               +--------+--------+--------+--------+--------+-----+--------+

Top non-repeatable levels by time:
     D:8: 1786 daAuts
     D:4: 1689 daAuts
  Lair:3: 1586 daAuts
  Lair:2: 1576 daAuts
  Lair:4: 1469 daAuts
     D:5: 1447 daAuts
     D:9: 1426 daAuts
     D:7: 1414 daAuts
     D:2: 1134 daAuts
     D:3: 1081 daAuts
Gauntlet: 1050 daAuts
     D:1: 867 daAuts
  Lair:1: 859 daAuts
     D:6: 756 daAuts
  Lair:5: 703 daAuts
